 Dungeon Crawl Stone Soup version 0.30-a0-390-g80c34de65d (webtiles) character file.

Game seed: 3451785293150611166

1141 arthad the Chopper (level 8, -2/64 HPs)
             Began as a Gnoll Reaver on Dec 4, 2022.
             Was a Follower of Cheibriados.
             Slain by Prince Ribbit (8 damage)
             ... on level 7 of the Dungeon.
             The game lasted 00:10:32 (6852 turns).

arthad the Chopper (Gnoll Reaver)                   Turns: 6852, Time: 00:10:33

Health: -2/64      AC: 12    Str: 16    XL:     8   Next: 37%
Magic:  16/17      EV: 13    Int: 16    God:    Cheibriados [*.....]
Gold:   226        SH:  0    Dex: 14    Spells: 16/19 levels left

rFire   . . .      SeeInvis .    a - +0 hand axe
rCold   . . .      Faith    .    (no shield)
rNeg    . . .      Spirit   .    r - +4 ring mail
rPois   .          Reflect  .    j - +0 helmet
rElec   .          Harm     .    (no cloak)
rCorr   .          Rampage  .    (no gloves)
Will    .....                    c - +0 pair of boots
Stlth   ++........               t - amulet of magic regeneration
HPRegen 0.30/turn                (no ring)
MPRegen 0.55/turn                (no ring)

@: immotile, very slow
A: fangs 1, strong nose, distributed training
a: Renounce Religion, Bend Time


You were on level 7 of the Dungeon.
You worshipped Cheibriados.
Cheibriados was aware of your devotion.
You visited 1 branch of the dungeon, and saw 7 of its levels.

You collected 226 gold pieces.

Inventory:

Hand Weapons
 a - a +0 hand axe (weapon)
 k - a +2 dagger of venom
 C - the +7 falchion of Beogh's Envy {vorpal, rC+ Dex+4}
   (You found it on level 5 of the Dungeon)

   It inflicts extra damage upon your enemies.
   Dex:       It affects your dexterity (+4).
   rC:        It protects you from cold.
 H - a +0 falchion of flaming
Missiles
 m - 12 poisoned darts
 u - 2 javelins
 y - 6 datura-tipped darts
 I - 2 boomerangs
Armour
 b - a +0 leather armour
 c - a +0 pair of boots (worn)
 j - a +0 helmet (worn)
 r - a +4 ring mail (worn)
Magical Staves
 d - a staff of fire
Jewellery
 t - an amulet of magic regeneration (around neck)
 F - an amulet of faith
Wands
 o - a wand of flame (25)
 A - a wand of roots (15)
Scrolls
 e - 2 scrolls of vulnerability {unknown}
 f - 2 scrolls of noise {unknown}
 g - a scroll of blinking {unknown}
 i - 8 scrolls of identify {unknown}
 l - a scroll of amnesia {unknown}
 n - 2 scrolls of poison {unknown}
 p - a scroll of fear {unknown}
 q - a scroll of magic mapping {unknown}
 s - a scroll of immolation {unknown}
 v - 2 scrolls of teleportation
 w - 3 scrolls of butterflies {unknown}
 x - a scroll of enchant armour {unknown}
 G - 2 scrolls of enchant weapon {unknown}
Potions
 h - a potion of resistance
 z - 4 potions of curing
 B - a potion of experience {unknown}
 D - a potion of heal wounds {unknown}
 E - a potion of cancellation {unknown}


   Skills:
 + Level 5.7 Fighting
 + Level 3.3 Short Blades
 + Level 3.3 Long Blades
 + Level 7.4 Axes
 + Level 3.3 Maces & Flails
 + Level 3.3 Polearms
 + Level 3.3 Staves
 + Level 3.3 Ranged Weapons
 + Level 3.3 Throwing
 + Level 3.3 Armour
 + Level 5.7 Dodging
 + Level 3.3 Stealth
 + Level 3.3 Shields
 + Level 3.3 Unarmed Combat
 + Level 6.1 Spellcasting
 + Level 6.1 Conjurations
 + Level 2.7 Hexes
 + Level 2.7 Summonings
 + Level 2.7 Necromancy
 + Level 2.7 Translocations
 + Level 2.7 Transmutations
 + Level 2.7 Fire Magic
 + Level 2.7 Ice Magic
 + Level 2.7 Air Magic
 + Level 2.7 Earth Magic
 + Level 2.7 Poison Magic
 + Level 3.6 Invocations
 + Level 3.3 Evocations


You had 16 spell levels left.
You knew the following spells:

 Your Spells              Type           Power      Damage    Failure   Level
a - Kiss of Death         Conj/Necr      76%        2d11      4%          1
b - Momentum Strike       Conj/Tloc      38%        3d9       6%          2

Your spell library contained the following spells:

 Spells                   Type           Power      Damage    Failure   Level
 Beastly Appendage        Tmut           26%        N/A       9%          1
 Summon Small Mammal      Summ           52%        N/A       9%          1
 Wereblood                Tmut           13%        N/A       12%         2
 Hailstorm                Conj/Ice       19%        3d6       12%         3
 Call Canine Familiar     Summ           13%        N/A       24%         3
 Spider Form              Tmut/Pois      13%        N/A       24%         3
 Summon Guardian Golem    Hex/Summ       13%        N/A       24%         3


Dungeon Overview and Level Annotations

Branches:
Dungeon (7/15)             Temple (0/1) D:6

Altars:
Cheibriados
Qazlal
Yredelemnul

Annotations:
D:4 1 runed translucent door, Crazy Yiuf
D:7 Prince Ribbit


Innate Abilities, Weirdness & Mutations

You have very sharp teeth.
Your uncanny sense of smell can sniff out nearby items.
Your experience applies equally to all skills.


Message History

Press: ? - help, Q - select action, (/) - cycle Dir - move target, f - iguana, p - Prince Ribbit
Aim: an iguana (75% to hit)
Okay, then.
You are too injured to fight recklessly!
You hit the iguana.
The iguana is lightly wounded.
The iguana bites you!
You hit the iguana. Your bite misses the iguana.
The iguana is lightly wounded.
Prince Ribbit blinks!
You hit the iguana.
The iguana is moderately wounded.
The iguana barely misses you.
Prince Ribbit blinks!
You hit the iguana but do no damage.
The iguana is moderately wounded.
The iguana bites you.
* * * LOW HITPOINT WARNING * * *
Prince Ribbit blinks!
You closely miss the iguana. You bite the iguana, but do no damage.
The iguana is moderately wounded.
The iguana barely misses you.
You hit the iguana. Your punch misses the iguana.
The iguana is heavily wounded.
The iguana bites you.
* * * LOW HITPOINT WARNING * * *
Aiming: Momentum Strike (safe; 6% risk of failure)
Press: ? - help, Q - select action, (/) - cycle Dir - move target, f/p - Prince Ribbit
Aim: Prince Ribbit (severely wounded, 50% to hit)
The concentrated momentum hits Prince Ribbit!
You are unable to move.
The iguana misses you.
Prince Ribbit hops awkwardly around.
Prince Ribbit blinks!
Unknown command.
You hit the iguana but do no damage.
The iguana is heavily wounded.
The iguana bites you!
* * * LOW HITPOINT WARNING * * *
Prince Ribbit hits you!
You die...

.......(....#
............
...........
..........#
..........
......... ......l(#
### .......@## #..#
.......F.## #...#
...!.##...##....##.
..$# #...........#
.. ##.........# # #
##......## ##
##....## .###
##.### #..### ##..#


You could see Prince Ribbit and an iguana.

Vanquished Creatures
  Duvessa (D:4)
  2 ogres
  2 phantoms (D:5)
  2 bullfrogs (D:6)
  A necrophage (D:6)
  Dowan (D:4)
  A howler monkey (D:4)
  2 hounds
  2 orc priests
  A jelly (D:5)
  6 iguanas
  6 adders
  A shadow imp (D:6)
  A white imp (D:6)
  2 ufetubi (D:5)
  2 worms
  2 dart slugs
  17 orcs
  6 ball pythons
  2 bats (D:2)
  6 endoplasms
  2 giant cockroaches
  9 goblins
  5 hobgoblins
  3 jackals (D:2)
  2 quokkas
  A frilled lizard (D:1)
  12 kobolds
  3 rats
  A bush (D:2)
104 creatures vanquished.

Vanquished Creatures (others)
  An adder (D:3)
  2 orcs
  A goblin (D:3)
  8 plants (D:2)
12 creatures vanquished.

Grand Total: 116 creatures vanquished

Notes
Turn   | Place    | Note
-------+----------+-------------------------------------------
     0 | D:1      | arthad the Gnoll Reaver began the quest for the Orb.
     0 | D:1      | Reached XP level 1. HP: 20/20 MP: 6/6
    70 | D:1      | Reached XP level 2. HP: 26/26 MP: 7/7
   737 | D:2      | Reached skill level 5 in Spellcasting
   737 | D:2      | Reached XP level 3. HP: 17/31 MP: 7/9
   876 | D:2      | Reached skill level 1 in Invocations
  1277 | D:2      | Reached skill level 1 in Short Blades
  1277 | D:2      | Reached skill level 1 in Long Blades
  1277 | D:2      | Reached skill level 1 in Maces & Flails
  1277 | D:2      | Reached skill level 1 in Polearms
  1277 | D:2      | Reached skill level 1 in Staves
  1277 | D:2      | Reached skill level 1 in Ranged Weapons
  1277 | D:2      | Reached skill level 1 in Throwing
  1277 | D:2      | Reached skill level 1 in Armour
  1277 | D:2      | Reached skill level 1 in Stealth
  1277 | D:2      | Reached skill level 1 in Shields
  1277 | D:2      | Reached skill level 1 in Unarmed Combat
  1277 | D:2      | Reached skill level 1 in Evocations
  1446 | D:2      | Reached XP level 4. HP: 28/38 MP: 11/11
  2100 | D:3      | Reached skill level 1 in Hexes
  2100 | D:3      | Reached skill level 1 in Summonings
  2100 | D:3      | Reached skill level 1 in Necromancy
  2100 | D:3      | Reached skill level 1 in Translocations
  2100 | D:3      | Reached skill level 1 in Transmutations
  2100 | D:3      | Reached skill level 1 in Fire Magic
  2100 | D:3      | Reached skill level 1 in Ice Magic
  2100 | D:3      | Reached skill level 1 in Air Magic
  2100 | D:3      | Reached skill level 1 in Earth Magic
  2100 | D:3      | Reached skill level 1 in Poison Magic
  2137 | D:3      | Learned a level 2 spell: Momentum Strike
  2711 | D:4      | Found a runed translucent door.
  2712 | D:4      | Noticed Crazy Yiuf
  2744 | D:4      | Noticed Duvessa
  2745 | D:4      | Noticed Dowan
  2754 | D:4      | Reached XP level 5. HP: 42/43 MP: 9/12
  3258 | D:4      | Found a snail-covered altar of Cheibriados.
  3469 | D:4      | Became a worshipper of Cheibriados the Contemplative
  3565 | D:4      | Killed Dowan
  3566 | D:4      | Reached XP level 6. HP: 38/50 MP: 14/14
  3693 | D:4      | Reached skill level 5 in Fighting
  3693 | D:4      | Reached skill level 5 in Dodging
  4186 | D:4      | Killed Duvessa
  4443 | D:5      | Entered Level 5 of the Dungeon
  4465 | D:5      | Reached XP level 7. HP: 56/56 MP: 15/15
  4472 | D:5      | Reached skill level 7 in Axes
  4917 | D:5      | Found a stormy altar of Qazlal.
  5029 | D:5      | Identified the +7 falchion of Beogh's Envy {vorpal, rC+
                  | Dex+4}
  5285 | D:5      | Found a basalt altar of Yredelemnul.
  5376 | D:5      | Reached * piety under Cheibriados
  5797 | D:6      | Reached XP level 8. HP: 19/63 MP: 16/16
  5813 | D:6      | Found a staircase to the Ecumenical Temple.
  6830 | D:7      | Noticed Prince Ribbit
  6852 | D:7      | Slain by Prince Ribbit

Illustrated notes

Levels and vault maps discovered:
D:1:      minmay_arrival_radiant_lines, layout_loops_ring
D:2:      layout_basic, serial_forest, infiniplex_forest_corner_2,
          infiniplex_forest_pool, infiniplex_forest_clump_double,
          infiniplex_forest_straight_5, infiniplex_forest_clump_double,
          infiniplex_forest_zigzag_1, infiniplex_forest_lined_3,
          infiniplex_forest_end_3, infiniplex_forest_corner_2,
          kennysheep_generic_room_3
D:3:      layout_rooms
D:4:      layout_basic, lemuel_coloured_pillars_altar, minmay_misc_feat_cross,
          uniq_duvessa, uniq_crazy_yiuf_cottage
D:5:      layout_loops_corners, nicolae_qazlal_general_emergency,
          mainiacjoe_overflow_six_doors_small, serial_bayou_crossing
D:6:      layout_cave_pools, minmay_temple_entry_waves,
          kennysheep_generic_room_13
D:7:      layout_cave_pods, uniq_prince_ribbit1

Skill      XL: |  1  2  3  4  5  6  7  8 |
---------------+-------------------------+-----
Spellcasting   | 5 6 |  6.1
Invocations    | 1 2 3 |  3.6
Short Blades   | 1 2 3 |  3.3
Long Blades    | 1 2 3 |  3.3
Maces & Flails | 1 2 3 |  3.3
Polearms       | 1 2 3 |  3.3
Staves         | 1 2 3 |  3.3
Ranged Weapons | 1 2 3 |  3.3
Throwing       | 1 2 3 |  3.3
Armour         | 1 2 3 |  3.3
Stealth        | 1 2 3 |  3.3
Shields        | 1 2 3 |  3.3
Unarmed Combat | 1 2 3 |  3.3
Evocations     | 1 2 3 |  3.3
Hexes          | 1 2 |  2.7
Summonings     | 1 2 |  2.7
Necromancy     | 1 2 |  2.7
Translocations | 1 2 |  2.7
Transmutations | 1 2 |  2.7
Fire Magic     | 1 2 |  2.7
Ice Magic      | 1 2 |  2.7
Air Magic      | 1 2 |  2.7
Earth Magic    | 1 2 |  2.7
Poison Magic   | 1 2 |  2.7
Fighting       | 5 |  5.7
Dodging        | 5 |  5.7
Axes           | 7 |  7.4
Conjurations   | 6 |  6.1

Action                   |  1- 3 |  4- 6 |  7- 9 || total
-------------------------+-------+-------+-------++-------
Melee: Hand axe          |   121 |   315 |   262 ||   698
       Bite              |     8 |    51 |    32 ||    91
       Punch             |     1 |     8 |     4 ||    13
Throw: Dart              |       |    12 |     5 ||    17
 Cast: Momentum Strike   |       |     6 |     4 ||    10
Evoke: Wand              |       |     9 |       ||     9
  Use: Potion            |       |     6 |       ||     6
       Scroll            |       |     1 |       ||     1
 Stab: Sleeping          |     1 |       |     1 ||     2
Armor: Leather armour    |    27 |    13 |       ||    40
       Ring mail         |       |    20 |    80 ||   100
Dodge: Dodged            |    84 |    76 |   168 ||   328

Table legend: (Time is in decaauts)
 A = Elapsed time spent in this place.
 B = Non-inter-level travel time spent in this place.
 C = Inter-level travel time spent in this place.
 D = Time resting spent in this place.
 E = Time spent auto-exploring this place.
 F = Levels seen in this place.
 G = Mean time per level.
                   A        B        C        D        E       F      G
               +--------+--------+--------+--------+--------+-----+--------+
         Total |   7509 |   7109 |    400 |    713 |   5095 |   7 | 1072.7 |
       Dungeon |   7509 |   7109 |    400 |    713 |   5095 |   7 | 1072.7 |
               +--------+--------+--------+--------+--------+-----+--------+

Top non-repeatable levels by time:
     D:4: 1978 daAuts
     D:5: 1474 daAuts
     D:2: 1364 daAuts
     D:6: 1326 daAuts
     D:3: 637 daAuts
     D:1: 637 daAuts
     D:7: 90 daAuts
